 Dungeon Crawl Stone Soup version 0.28-a0-622-gbaef9634d7 (webtiles) character file.

Game seed: 15908219498247804040

165 siradein the Skirmisher (level 5, 0/42 HPs)
             Began as a Demonspawn Fighter on Oct 7, 2021.
             Killed from afar by an orc wizard (2 damage)
             ... with a magic dart
             ... on level 3 of the Dungeon.
             The game lasted 00:05:09 (3266 turns).

siradein the Skirmisher (Demonspawn Fighter)        Turns: 3266, Time: 00:05:10

Health: 0/42       AC: 10    Str: 16    XL:     5   Next: 21%
Magic:  5/5        EV:  6    Int:  9    God:
Gold:   135        SH:  5    Dex: 14    Spells: 4/4 levels left

rFire   . . .      SeeInvis .   a - +0 trident
rCold   . . .      Faith    .   c - +0 buckler
rNeg    . . .      Spirit   .   p - +0 chain mail
rPois   .          Reflect  .   (no helmet)
rElec   .          Harm     .   (no cloak)
rCorr   .          Rampage  .   l - +0 pair of gloves
Will    .....                   (no boots)
Stlth   ..........              (no amulet)
HPRegen 0.14/turn               (no ring)
MPRegen 0.09/turn               (no ring)

@: no status effects
A: demonic magic 2
a: no special abilities


You were on level 3 of the Dungeon.
You visited 1 branch of the dungeon, and saw 3 of its levels.

You collected 135 gold pieces.

Inventory:

Hand Weapons
 a - a +0 trident (weapon)
Missiles
 i - 23 poisoned darts (quivered)
 o - 6 datura-tipped darts
Armour
 c - a +0 buckler (worn)
 l - a +0 pair of gloves (worn)
 p - a +0 chain mail (worn)
Scrolls
 e - a scroll of identify
 f - a scroll of vulnerability
 k - a scroll of blinking {unknown}
 m - a scroll of fog {unknown}
 n - a scroll of enchant weapon {unknown}
Potions
 d - a potion of might
 g - a potion of berserk rage {unknown}
 j - a potion of ambrosia {unknown}


   Skills:
 + Level 3.9 Fighting
 + Level 2.9 Polearms
 + Level 3.5 Armour
 + Level 3.5 Shields


You had 4 spell levels left.
You didn't know any spells.
Your spell library contained the following spells:

 Spells                   Type           Power      Damage    Failure   Level
 Slow                     Hex            0%         N/A       100%        2
 Call Canine Familiar     Summ           0%         N/A       100%        3
 Confusing Touch          Hex            0%         N/A       100%        3
 Portal Projectile        Hex/Tloc       0%         N/A       100%        3
 Vampiric Draining        Necr           0%         2d6       100%        3
 Leda's Liquefaction      Hex/Erth       0%         N/A       100%        4


Dungeon Overview and Level Annotations

Branches:
Dungeon (3/15)

Altars:
Ashenzari
Gozag
Uskayaw
The Shining One


Innate Abilities, Weirdness & Mutations

Spells you cast may paralyse nearby enemies.


Message History

You miss something.
You feel less confused. The orc closely misses you.
Something hits you but does no damage. x2
You block the orc's attack. Something hits you.
* * * LOW HITPOINT WARNING * * *
You barely miss the orc. Something hits you but does no damage.
The orc hits you but does no damage. You block something's attack.
You hit the orc.
The orc is lightly wounded.
Something hits you but does no damage. The orc hits you but does no damage.
Something hits you.
* * * LOW HITPOINT WARNING * * *
You closely miss the orc.
The orc is lightly wounded.
Something hits you.
* * * LOW HITPOINT WARNING * * *
The orc hits you but does no damage. Something hits you but does no damage.
You hit the orc.
The orc is moderately wounded.
Something hits you.
* * * LOW HITPOINT WARNING * * *
The orc hits you but does no damage.
You hear some strange, mumbled words.
A magic dart appears from out of thin air!
The magic dart hits you but does no damage.
As you read the scroll labelled PISIMU LIRIRGH, it crumbles to dust.
It is a scroll of identify.
f - a scroll of vulnerability You block something's attack.
The orc hits you but does no damage. Something hits you but does no damage.
As you read the scroll labelled PONU LENOBBI, it crumbles to dust.
You speak a Word of immense power!
You are blasted by holy energy!
* * * LOW HITPOINT WARNING * * *
It was a scroll of holy word.
Something hits you.
* * * LOW HITPOINT WARNING * * *
The orc hits you but does no damage.
You hear some strange, mumbled words.
A magic dart appears from out of thin air!
The magic dart hits you.
You die...

#......# #..........
#...... #..........
..o.. #.......... #o.##
#..[....... #..#
#.........† #..#
#.>.......) #..#
##.........† #..###
#...........
#.oo@#####...........
#.##{{.##..##########
#.####.#..## #
####.####.#.####### #.
#>......#.......... ..
#...[.......####### ###
#............#### #
#####..####.....########
#.###..# #.............


You could see 2 orcs.

Vanquished Creatures
  2 orc wizards
  6 adders
  A worm (D:2)
  3 orcs
  5 ball pythons
  3 bats
  5 endoplasms
  4 giant cockroaches
  6 hobgoblins
  4 kobolds
  A quokka (D:2)
  15 frilled lizards
  4 goblins
  3 rats
62 creatures vanquished.

Notes
Turn   | Place    | Note
-------+----------+-------------------------------------------
     0 | D:1      | siradein the Demonspawn Fighter began the quest for the
                  | Orb.
     0 | D:1      | Reached XP level 1. HP: 18/18 MP: 1/1
   299 | D:1      | Gained mutation: Spells you cast may paralyse adjacent
                  | enemies. [demonic ancestry]
   299 | D:1      | Reached XP level 2. HP: 24/24 MP: 2/2
   739 | D:2      | Reached XP level 3. HP: 28/29 MP: 3/3
  1701 | D:2      | Gained mutation: Spells you cast may paralyse nearby
                  | enemies. [demonic ancestry]
  1701 | D:2      | Reached XP level 4. HP: 35/35 MP: 4/4
  1920 | D:2      | Found a faded altar of an unknown god.
  2667 | D:3      | Reached XP level 5. HP: 15/42 MP: 5/5
  3144 | D:3      | Found a hide-covered altar of Uskayaw.
  3144 | D:3      | Found a broken altar of Ashenzari.
  3148 | D:3      | Found an opulent altar of Gozag.
  3266 | D:3      | HP: 2/42 [something (1)]
  3266 | D:3      | Killed from afar by an orc wizard

Illustrated notes

Levels and vault maps discovered:
D:1:      minmay_arrival_solitary_statue, layout_loops_cross,
          chequers_serial_rivers_micro_c
D:2:      layout_basic, hellmonk_ecumenical_altar_inner_sanctum, minivault_25,
          hangedman_decor_diamond_cutter, minmay_lizard_pond
D:3:      layout_rooms, tso_metal_star, gammafunk_temple_overflow_forgotten

Skill      XL: |  1  2 |
---------------+-------+-----
Polearms       | 2 |  2.9
Shields        | 3 |  3.5
Armour         | 3 |  3.5
Fighting       | |  3.9

Action                   |  1- 3 |  4- 6 || total
-------------------------+-------+-------++-------
Melee: Trident           |   119 |   151 ||   270
  Use: Scroll            |       |     2 ||     2
Armor: Scale mail        |    45 |    86 ||   131
       Chain mail        |       |    39 ||    39
Dodge: Dodged            |    52 |    81 ||   133
Block: Buckler           |    21 |    33 ||    54

Table legend: (Time is in decaauts)
 A = Elapsed time spent in this place.
 B = Non-inter-level travel time spent in this place.
 C = Inter-level travel time spent in this place.
 D = Time resting spent in this place.
 E = Time spent auto-exploring this place.
 F = Levels seen in this place.
 G = Mean time per level.
                   A        B        C        D        E       F      G
               +--------+--------+--------+--------+--------+-----+--------+
         Total |   3324 |   3279 |     45 |    679 |   1954 |   3 | 1108.0 |
       Dungeon |   3324 |   3279 |     45 |    679 |   1954 |   3 | 1108.0 |
               +--------+--------+--------+--------+--------+-----+--------+

Top non-repeatable levels by time:
     D:2: 2033 daAuts
     D:1: 729 daAuts
     D:3: 561 daAuts
